 Dungeon Crawl Stone Soup version 0.31-a0-1321-g5021b54cb2 (webtiles) character file.

Game seed: 5023751433835748004

42 CowFu the Cudgeller (level 3, -3/21 HPs)
             Began as a Gargoyle Gladiator on Dec 21, 2023.
             Killed from afar by Sigmund (10 damage)
             ... with a puff of flame
             ... on level 2 of the Dungeon.
             The game lasted 00:01:34 (759 turns).

CowFu the Cudgeller (Gargoyle Gladiator)             Turns: 759, Time: 00:01:35

Health: -3/21      AC:  0    Str: 19    XL:     3   Next: 56%
Magic:  3/3        EV: 14    Int:  8    God:
Gold:   26         SH:  0    Dex: 11    Spells: 2/2 levels left

rFire   . . .        a - melded +0 flail
rCold   . . .        (shield currently unavailable)
rNeg    + . .        b - melded +0 leather armour
rPois   ∞            (helmet currently unavailable)
rElec   .            (cloak currently unavailable)
rCorr   .            (gloves currently unavailable)
SInv    +            (boots currently unavailable)
Will    .....        (no amulet)
Stlth   +            (ring currently unavailable)
HPRegen 0.23/turn    (ring currently unavailable)
MPRegen 0.08/turn

%: no passive effects
@: pig-form, very quick
A: fast, no casting, sickness immunity, AC +3, small, negative energy resistance
1, (electricity resistance), torment resistance 1, petrification resistance,
(horns 1), see invisible
a: no special abilities


You were on level 2 of the Dungeon.
You were a filthy swine.
You visited 1 branch of the dungeon, and saw 2 of its levels.

You collected 26 gold pieces.

Inventory:

Hand Weapons
 a - a +0 flail (melded)
Missiles
 d - 3 throwing nets (quivered)
 e - a javelin
Armour
 b - a +0 leather armour (melded)
 c - a +0 helmet
Jewellery
 n - a +6 ring of strength
Scrolls
 f - a scroll of amnesia {unknown}
 j - 2 scrolls of enchant armour {unknown}
 k - a scroll of brand weapon {unknown}
 l - a scroll of blinking {unknown}
 m - a scroll of identify {unknown}
Potions
 h - a potion of haste {unknown}
 i - a potion of brilliance {unknown}


   Skills:
 - Level 2.1 Fighting
 + Level 4.5 Maces & Flails
 - Level 1.7 Throwing
 - Level 2.4 Dodging


You had 2 spell levels left.
You didn't know any spells.
Your spell library contained the following spells:

 Spells                   Type           Power      Damage    Failure   Level
 Magic Dart               Conj           0%         1d3       41%         1
 Summon Small Mammal      Summ           0%         N/A       41%         1
 Blink                    Tloc           0%         N/A       54%         2
 Call Imp                 Summ           0%         N/A       54%         2
 Call Canine Familiar     Summ           0%         N/A       78%         3
 Summon Guardian Golem    Hex/Summ       0%         N/A       78%         3


Dungeon Overview and Level Annotations

Branches:
Dungeon (2/15)

Altars:

Shops:
D:1 ?[(!

Annotations:
D:2 Sigmund


Innate Abilities, Weirdness & Mutations

You are a filthy swine.
You move quickly.
Your equipment is almost entirely melded.
You are incapable of wielding weapons or throwing items.
You cannot cast spells.
You are immune to sickness and miasma.
((Your stone body is resilient. (AC +3)))
You are immune to poison.
You resist negative energy. (rN+)
((You are resistant to electric shocks. (rElec)))
You are resistant to unholy torment.
You are immune to petrification.
((You have a pair of small horns on your head.))
You have supernaturally acute eyesight. (SInv)


Message History

Reactivating autopickup.
There is a stone staircase leading down here.
Your transformation is almost over.
You feel less porcine.
Your +0 flail unmelds from your body.
Your +0 helmet unmelds from your body.
Your +0 leather armour unmelds from your body.
HP restored.
Done exploring.
You climb downwards.
Level annotation: Sigmund
There is a stone staircase leading up here.
It was a potion of mutation.
You feel extremely strange.
Your vision sharpens.
A pair of horns grows on your head!
Your +0 helmet falls away!
Sigmund zaps a wand.
You resist with significant effort.
Sigmund zaps a wand.
You turn into a filthy swine.
Your +0 flail melds into your body.
Your +0 leather armour melds into your body.
Sigmund hits you with a +0 scythe.
You barely miss Sigmund. You hit Sigmund.
Sigmund is lightly wounded.
Sigmund barely misses you.
You hit Sigmund but do no damage.
Sigmund is lightly wounded.
You hit Sigmund but do no damage.
Sigmund is lightly wounded.
Sigmund hits you with a +0 scythe!
Ouch! That really hurt!
You closely miss Sigmund.
Sigmund is lightly wounded.
Sigmund misses you.
You hit Sigmund.
Sigmund is lightly wounded.
You barely miss Sigmund.
Sigmund is lightly wounded.
Sigmund points at you and mumbles some strange words.
The puff of flame hits you!
You die...
Sigmund begins carving another notch in his scythe.

###.. ... ##...########
#.. #..#........# .#..
...........# .#..
###+###.##†.......# ....
#..)....##........# #..
#......# #..(.....#
#..###......###........#
#..)†..>......@h.....[.#
#.###.........##..######
# #.........+..<#
#.........#####
#...####### ##..# ####


You could see Sigmund.

Vanquished Creatures
  A dart slug (D:1)
  6 bats (D:1)
  2 endoplasms (D:1)
  3 giant cockroaches (D:1)
  3 goblins (D:1)
  4 hobgoblins (D:1)
  2 quokkas (D:1)
  2 ball pythons (D:1)
  3 frilled lizards
  9 kobolds
  2 rats
37 creatures vanquished.

Notes
Turn   | Place    | Note
-------+----------+-------------------------------------------
     0 | D:1      | CowFu the Gargoyle Gladiator began the quest for the Orb.
     0 | D:1      | Reached XP level 1. HP: 12/12 MP: 1/1
    26 | D:1      | Found Piash's Magic Scroll Shoppe.
    66 | D:1      | Found Moutef's Armour Shop.
   135 | D:1      | Reached XP level 2. HP: 11/17 MP: 2/2
   240 | D:1      | Found Bidoism's Distillery.
   266 | D:1      | Reached skill level 4 in Maces & Flails
   295 | D:1      | Reached XP level 3. HP: 20/21 MP: 3/3
   384 | D:1      | Found Pyfis's Antique Weapon Shoppe.
   679 | D:2      | Noticed Sigmund
   750 | D:2      | Gained mutation: You have supernaturally acute eyesight.
                  | (SInv) [potion of mutation]
   750 | D:2      | Gained mutation: You have a pair of small horns on your
                  | head. [potion of mutation]
   759 | D:2      | Killed from afar by Sigmund

Illustrated notes

Levels and vault maps discovered:
D:1:      lightli_arrival_noodles, layout_rooms, serial_shops, shop, shop,
          nicolae_shop_advertising_works [nicolae_subvault_shop_adworks], shop
D:2:      minmay_wonky_spiral, layout_basic, serial_shops, shop,
          chequers_ecumenical_altar_lobes, uniq_sigmund, uniq_terence

Skill      XL: |  1  2 |
---------------+-------+-----
Maces & Flails | 4 |  4.5
Fighting       | |  2.1
Throwing       | |  1.7
Dodging        | |  2.4

Action                     || total
---------------------------++-------
  Melee: Flail             ||   100
         Unarmed           ||     7
    Use: Potion            ||     1
 Armour: Leather armour    ||    86
         Skin              ||     4
  Dodge: Dodged            ||    98

Table legend: (Time is in decaauts)
 A = Elapsed time spent in this place.
 B = Non-inter-level travel time spent in this place.
 C = Inter-level travel time spent in this place.
 D = Time resting spent in this place.
 E = Time spent auto-exploring this place.
 F = Levels seen in this place.
 G = Mean time per level.
                   A        B        C        D        E       F      G
               +--------+--------+--------+--------+--------+-----+--------+
         Total |    775 |    762 |     13 |      0 |    519 |   2 |  387.5 |
       Dungeon |    775 |    762 |     13 |      0 |    519 |   2 |  387.5 |
               +--------+--------+--------+--------+--------+-----+--------+

Top non-repeatable levels by time:
     D:1: 720 daAuts
     D:2: 55 daAuts
